 Dungeon Crawl Stone Soup version 0.21-a0-591-g2314aa1 (webtiles) character file.

85 Amnesiac the Chiller (level 4, 0/24 HPs)
             Began as a Deep Elf Ice Elementalist on Dec 22, 2017.
             Was an Initiate of Vehumet.
             Slain by a quokka (3 damage)
             ... on level 2 of the Dungeon.
             The game lasted 00:02:50 (1843 turns).

Amnesiac the Chiller (Deep Elf Ice Elementalist)    Turns: 1843, Time: 00:02:51

Health: 0/24       AC:  0    Str:  5    XL:     4   Next: 25%
Magic:  0/10       EV: 13    Int: 21    God:    Vehumet [......]
Gold:   99         SH:  0    Dex: 15    Spells: 4/9 levels left

rFire    . . .     SeeInvis .   r - +0 dagger (venom)
rCold    . . .     Gourm    .   (no shield)
rNeg     . . .     Faith    .   a - +0 robe
rPois    .         Spirit   .   t - +0 helmet
rElec    .         Reflect  .   (no cloak)
rCorr    .         Harm     .   (no gloves)
MR       .....                  (no boots)
Stlth    ++........             (no amulet)
HPRegen  0.08/turn              h - -3 ring of protection (curse)
MPRegen  0.12/turn              (no ring)

@: no status effects
A: no striking features
a: Renounce Religion


You were on level 2 of the Dungeon.
You worshipped Vehumet.
Vehumet was noncommittal.
You were not hungry.

You visited 1 branch of the dungeon, and saw 2 of its levels.

You collected 99 gold pieces.

Inventory:

Hand Weapons
 r - a +0 dagger of venom (weapon)
Missiles
 e - 7 curare-tipped needles
 g - 6 poisoned needles
 k - 6 needles of sleeping
 s - 61 stones (quivered)
Armour
 a - a +0 robe (worn)
 t - a +0 helmet (worn)
Jewellery
 h - a cursed -3 ring of protection (left hand)
Scrolls
 d - a scroll of amnesia {!r}
 i - a scroll of immolation {!r, unknown}
 l - 4 scrolls of teleportation {!r, unknown}
 m - 4 scrolls of remove curse {!r, unknown}
 o - 3 scrolls of identify {!r, unknown}
Potions
 j - a potion of resistance {!q, unknown}
 n - a potion of agility {!q, unknown}
 p - a potion of lignification {!q, unknown}
 q - a potion of flight {!q, unknown}
Books
 b - a book of Frost

   Spells                             Type                      Level
   a - Freeze                         Ice                          1
   b - Throw Frost                    Conjuration/Ice              2
   c - Ozocubu's Armour               Charms/Ice                   3
   d - Throw Icicle                   Conjuration/Ice              4
   e - Summon Ice Beast               Ice/Summoning                4
Comestibles
 c - 6 rations
 f - a chunk of flesh


   Skills:
 - Level 2.4 Dodging
 - Level 2.4 Stealth
 + Level 3.1 Spellcasting
 - Level 4.0 Conjurations
 - Level 4.0 Ice Magic


You had 4 spell levels left.
You knew the following spells:

 Your Spells              Type           Power        Failure   Level  Hunger
a - Throw Frost           Conj/Ice       ###...       3%          2    ##.....
b - Ozocubu's Armour      Chrm/Ice       ##......     17%         3    ###....


Dungeon Overview and Level Annotations

Branches:
Dungeon (2/15)

Altars:
Vehumet


Message History

The leopard gecko is heavily wounded.
The leopard gecko barely misses you.
You miss the leopard gecko.
The leopard gecko is heavily wounded.
The leopard gecko barely misses you.
You barely miss the leopard gecko.
The leopard gecko is heavily wounded.
The leopard gecko closely misses you. The quokka barely misses you.
The leopard gecko bites you.
You closely miss the leopard gecko.
The leopard gecko is heavily wounded.
The quokka bites you. The leopard gecko closely misses you.
You barely miss the quokka. The quokka barely misses you.
The leopard gecko bites you.
* * * LOW HITPOINT WARNING * * *
You hit the leopard gecko.
The leopard gecko is severely wounded.
The quokka closely misses you. The leopard gecko bites you.
* * * LOW HITPOINT WARNING * * *
Unknown command.
Casting: Throw Frost
Confirm with . or Enter, or press ? or * to list all spells.
Aiming: Throw Frost
Press: ? - help, Shift-Dir - straight line, f/p - leopard gecko
Aim: a leopard gecko (severely wounded, clinging)
The puff of frost misses the leopard gecko.
The quokka barely misses you. The leopard gecko closely misses you.
The quokka closely misses you.
Unknown command.
The leopard gecko closely misses you.
You hit the leopard gecko but do no damage.
The leopard gecko is poisoned.
The leopard gecko is heavily wounded.
The quokka misses you. The leopard gecko bites you.
* * * LOW HITPOINT WARNING * * *
Unknown command.
You hit the leopard gecko.
The leopard gecko is heavily wounded.
The quokka misses you. The leopard gecko barely misses you.
Unknown command.
You see here a ring mail.
Unknown command.
The leopard gecko barely misses you.
Unknown command.
The quokka bites you.
* * * LOW HITPOINT WARNING * * *
Unknown command.
Unknown command.
Unknown command.
You kill the leopard gecko!
Vehumet accepts your kill.
Unknown command.
You hit the quokka but do no damage.
The quokka is poisoned.
The quokka completely misses you.
Unknown command.
Casting: Throw Frost
Confirm with . or Enter, or press ? or * to list all spells.
Aiming: Throw Frost
Press: ? - help, Shift-Dir - straight line, f - quokka
Aim: a quokka (poisoned)
The puff of frost hits the quokka.
The quokka is almost dead.
The quokka bites you.
You die...

#........# ....>..
#........# ......#
#........# .......
#........# .......
#[.....(.# .......
#........# #.
#†.......##### #.
#r÷......##.....#.
#@.......##.....#.
#........##.....#.
##........##.....#.
#........>.#.....#.
#..................
###..................
#....................
#.#########..........
#.#########..........


You could see a quokka.

Vanquished Creatures
  Robin (D:2)
  2 adders (D:2)
  An ooze (D:1)
  2 leopard geckos (D:2)
  8 bats
  3 giant cockroaches (D:2)
  11 goblins
  6 hobgoblins
  2 quokkas (D:2)
  3 frilled lizards (D:1)
  6 kobolds
  3 rats
48 creatures vanquished.

Notes
Turn   | Place    | Note
-------+----------+-------------------------------------------
     0 | D:1      | Amnesiac the Deep Elf Ice Elementalist began the quest for the Orb.
     0 | D:1      | Reached XP level 1. HP: 10/10 MP: 6/6
   112 | D:1      | Reached XP level 2. HP: 15/15 MP: 5/8
   117 | D:1      | Learned a level 2 spell: Throw Frost
   834 | D:2      | Reached XP level 3. HP: 19/19 MP: 0/9
   839 | D:2      | Learned a level 3 spell: Ozocubu's Armour
  1457 | D:2      | Noticed Robin
  1543 | D:2      | Killed Robin
  1543 | D:2      | Reached XP level 4. HP: 24/24 MP: 2/10
  1736 | D:2      | Found a radiant altar of Vehumet.
  1795 | D:2      | Became a worshipper of Vehumet
  1843 | D:2      | Slain by a quokka

Vault maps used:
D:1:      scummos_arrival_simple_crosswalls, kennysheep_boxes
D:2:      old_standard_altar, first_ration, uniq_robin

Skill      XL: |  1  2  3  4 |
---------------+-------------+-----
Ice Magic      | 4 |  4.0
Conjurations   | 2 3 4 |  4.0
Dodging        | |  2.4
Stealth        | |  2.4
Spellcasting   | |  3.1

Action                   |  1- 3 |  4- 6 || total
-------------------------+-------+-------++-------
Melee: Unarmed           |     5 |       ||     5
       Dagger            |     9 |    14 ||    23
 Cast: Freeze            |     9 |       ||     9
       Throw Frost       |    46 |    10 ||    56
  Use: Scroll            |     1 |       ||     1
  Eat: Chunk             |     4 |     1 ||     5
Armor: Robe              |     3 |       ||     3
Dodge: Dodged            |    25 |    19 ||    44

Table legend:
 A = Spawn XP
 B = Non-spawn XP
 C = Spawn XP percentage of total XP
 D = Spawn monster count
 E = Non-spawn monster count
 F = Spawn count percentage of total count
 G = Total turns spent on level
                    A         B        C        D         E        F      G
               +---------+---------+-------+---------+---------+-------+---------
         Total |       0 |     122 |   0.0 |       0 |      48 |   0.0 |  1843
               +---------+---------+-------+---------+---------+-------+---------
           D:1 |       0 |      31 |   0.0 |       0 |      19 |   0.0 |   931
           D:2 |       0 |      91 |   0.0 |       0 |      29 |   0.0 |   912
               +---------+---------+-------+---------+---------+-------+---------
